Stars vs Bruins
Created - 8 novembre 2014 at 19:09
Goals
|
| Stars |
2 |
1 |
0 |
3 |
| Bruins |
0 |
0 |
4 |
4 |
|
Shots
|
| Stars |
4 |
6 |
17 |
27 |
| Bruins |
10 |
7 |
9 |
26 |
|
1st period
1. Stars , Henrik Sedin 11 (John Tavares) at 13:29 (PP)
2. Stars , Pavel Kubina 2 (Éric Belanger, Pascal Leclaire) at 17:57
Penalties :
Evgeny Artyukhin (Dal) for High sticking (Minor) at 4:52, Shane Doan (Dal) for Hooking (Minor) at 8:21, Matt Hendricks (Bos) for High sticking (Minor) at 13:21, Henrik Sedin (Dal) for Hooking (Minor) at 15:14, Vitali Yachmenev (Bos) for Hooking (Minor) at 18:28
2nd period
3. Stars , Henrik Sedin 12 (Alexei Morozov) at 7:34
Penalties :
Alexei Morozov (Dal) for Hooking (Minor) at 17:41
3rd period
4. Bruins , Eric Lindros 9 (Viktor Stalberg, Andrew Alberts) at 0:34
5. Bruins , Wojtek Wolski 10 (Sydney Crosby, Andrei Markov) at 6:39
6. Bruins , Wojtek Wolski 11 (Andrew Alberts) at 8:07
7. Bruins , Wojtek Wolski 12 (Andrei Markov, Sydney Crosby) at 17:57 (PP)
Penalties :
Andrei Markov (Bos) for Holding (Minor) at 1:20, Evgeny Artyukhin (Dal) for Cross-checking (Minor) at 13:15, Éric Belanger (Dal) for Roughing (Minor) at 17:24
Goalie Stats
Pascal Leclaire (Dal), 22 saves from 26 shots - (0,846), L, 5-5-1, 59:09 minutes
Evgeni Nabokov (Bos), 24 saves from 27 shots - (0,889), W, 8-8-1, 60:00 minutes
Players Stats for Stars
Player Name G A P +/- PIM S H SB GA TA FO MP PP MP PK MP
------------------------------------------------------------------------------------
Alexei Morozov 0 1 1 -1 2 4 1 0 4 0 1/2 16:48 1:33 0:00
Brendan Bell 0 0 0 -2 0 0 0 0 0 1 0/0 21:28 1:39 4:57
Bryan Berard 0 0 0 2 0 0 0 0 0 0 0/0 10:52 1:39 0:00
Daniel Cleary 0 0 0 0 0 0 2 1 0 0 0/0 10:27 0:00 3:31
Daniel Sedin 0 0 0 -1 0 1 1 0 0 0 1/1 20:09 2:33 1:27
Éric Belanger 0 1 1 0 2 2 0 0 0 0 2/5 13:30 0:00 3:05
Evgeny Artyukhin 0 0 0 0 4 0 1 0 0 1 0/0 10:26 0:00 0:00
Filip Novak 0 0 0 2 0 0 0 0 0 0 0/0 9:13 0:00 0:00
Henrik Sedin 2 0 2 -1 2 6 1 0 1 0 27/38 18:26 2:33 0:00
Jan Hlavac 0 0 0 0 0 1 2 0 1 0 1/1 12:48 0:00 5:50
John Tavares 0 1 1 0 0 4 2 0 2 0 0/0 14:26 2:33 1:13
Kurtis Foster 0 0 0 -1 0 1 0 2 1 0 0/0 29:19 2:27 5:31
Marty Reasoner 0 0 0 0 0 2 1 0 1 0 8/11 12:26 0:00 5:50
Milan Michalek 0 0 0 0 0 0 0 0 1 0 0/0 13:26 1:33 0:00
Pavel Kubina 1 0 1 -1 0 3 0 1 2 0 0/0 29:19 2:27 5:31
Randy Jones 0 0 0 -2 0 0 1 0 0 1 0/0 19:49 0:00 4:57
Shane Doan 0 0 0 0 2 1 1 0 0 0 1/2 13:08 0:00 0:00
Tomas Plekanec 0 0 0 0 0 2 1 0 0 0 5/6 13:26 1:33 0:00
Players Stats for Bruins
Player Name G A P +/- PIM S H SB GA TA FO MP PP MP PK MP
------------------------------------------------------------------------------------
Andrei Markov 0 2 2 2 2 0 2 1 1 1 0/0 25:51 6:15 1:27
Andrew Alberts 0 2 2 2 0 1 1 1 0 2 0/0 29:00 5:15 2:37
Christoph Schubert 0 0 0 0 0 1 1 1 1 1 0/0 12:14 1:23 1:10
Dainius Zubrus 0 0 0 -2 0 1 3 0 0 0 1/1 12:04 0:14 1:11
Dave Bolland 0 0 0 -2 0 1 3 1 0 0 4/8 15:01 4:01 0:30
Eric Lindros 1 0 1 1 0 4 4 0 0 1 2/16 19:28 6:18 0:43
Jason Demers 0 0 0 0 0 0 1 1 0 1 0/0 16:52 3:50 0:00
Kris Chucko 0 0 0 0 0 2 2 1 0 0 0/0 7:59 0:09 0:46
Mark Stuart 0 0 0 -1 0 1 2 3 0 1 0/0 20:51 4:13 1:29
Matt Hendricks 0 0 0 0 2 2 0 0 0 0 2/4 6:55 0:00 0:00
Richard Zednik 0 0 0 0 0 1 0 0 0 0 0/0 6:56 0:00 0:00
Ryan O'Byrne 0 0 0 -1 0 3 0 0 0 1 0/0 15:16 0:00 1:29
Scottie Upshall 0 0 0 -2 0 3 2 1 0 0 0/0 14:39 4:01 0:08
Sydney Crosby 0 2 2 2 0 3 6 1 0 1 7/22 22:27 6:13 0:43
Victor Oreskovich 0 0 0 2 0 0 3 0 1 1 2/4 19:34 4:01 0:00
Viktor Stalberg 0 1 1 1 0 0 0 0 0 0 0/0 11:41 0:14 0:00
Vitali Yachmenev 0 0 0 1 2 0 0 1 0 2 0/1 13:30 0:00 1:24
Wojtek Wolski 3 0 3 2 0 3 1 0 0 1 2/10 25:33 6:13 2:47
3 Stars
1 - Wojtek Wolski (Bos)
2 - Sydney Crosby (Bos)
3 - Eric Lindros (Bos)
Power Play
Stars - 1 on 3 Attempt(s) - 33,33%
Bruins - 1 on 6 Attempt(s) - 16,67%
Penalty Kill
Stars - 5 on 6 Attempt(s) - 83,33%
- Score 0 goal in Penalty Kill
Bruins - 2 on 3 Attempt(s) - 66,67%
- Score 0 goal in Penalty Kill
Official
Referees : Kowal Tom and StPierre Justin
Linesman : Scott Cherrey and Mark Shewchyk
Game Notes
1:34 of 3rd period - Stars goal is going for a video replay. After video review, No Goal. The goalkeeper has been pushed into the net together with the puck after making a save.
Wojtek Wolski has scored a Hat Trick!
Finance
Level 1 -- Attendance: 4116 (68,60%) -- Ticket Income 407 484 $
Level 2 -- Attendance: 3898 (77,96%) -- Ticket Income 229 982 $
Level 3 -- Attendance: 2000 (100,00%) -- Ticket Income 58 000 $
Level 4 -- Attendance: 4000 (100,00%) -- Ticket Income 76 000 $
Luxury Box -- Attendance: 689 (68,90%) -- Ticket Income 130 221 $
Game was played at the TD Banknorth Garden
Total Attendance: 14703 (81,68%)
Total Ticket Income: 901 687 $
Other Income: 135 253 $
Total Income: 1 036 940 $
Stars
5 vs 5 Forward
Center Left Wing Right Wing Time % Phy DF OF
1 Henrik Sedin Daniel Sedin Alexei Morozov 40 1 2 2
2 Tomas Plekanec Milan Michalek Shane Doan 30 1 2 2
3 Éric Belanger John Tavares Evgeny Artyukhin 20 1 2 2
4 Marty Reasoner Jan Hlavac Daniel Cleary 10 1 2 2
5 vs 5 Defense
Defense Defense Time % Phy DF OF
1 Pavel Kubina Kurtis Foster 40 1 2 2
2 Randy Jones Brendan Bell 30 1 2 2
3 Filip Novak Bryan Berard 20 1 2 2
4 Pavel Kubina Kurtis Foster 10 1 2 2
PowerPlay Forward
Center Left Wing Right Wing Time % Phy DF OF
1 Henrik Sedin Daniel Sedin John Tavares 60 1 2 2
2 Tomas Plekanec Milan Michalek Alexei Morozov 40 1 2 2
PowerPlay Defense
Defense Defense Time % Phy DF OF
1 Pavel Kubina Kurtis Foster 60 1 2 2
2 Bryan Berard Brendan Bell 40 1 2 2
Penalty Kill 4 Players Forward
Center Wing Time % Phy DF OF
1 Marty Reasoner Jan Hlavac 60 1 2 2
2 Éric Belanger Daniel Cleary 40 1 2 2
Penalty Kill 4 Players Defense
Defense Defense Time % Phy DF OF
1 Pavel Kubina Kurtis Foster 60 1 2 2
2 Randy Jones Brendan Bell 40 1 2 2
Penalty Kill - 3 Players Forward
Forward Time % Phy DF OF
1 Marty Reasoner 60 1 2 2
2 Éric Belanger 40 1 2 2
Penalty Kill - 3 Players Defense
Defense Defense Time % Phy DF OF
1 Pavel Kubina Kurtis Foster 60 1 2 2
2 Randy Jones Brendan Bell 40 1 2 2
4 vs 4 Forward
Center Wing Time % Phy DF OF
1 Henrik Sedin Daniel Cleary 60 1 2 2
2 John Tavares Alexei Morozov 40 1 2 2
4 vs 4 Defense
Defense Defense Time % Phy DF OF
1 Pavel Kubina Kurtis Foster 60 1 2 2
2 Randy Jones Brendan Bell 40 1 2 2
Last Minutes Offensive
Center Left Wing Right Wing Defense Defense
Henrik Sedin Daniel Sedin Shane Doan Pavel Kubina Kurtis Foster
Last Minutes Defensive
Center Left Wing Right Wing Defense Defense
Marty Reasoner Jan Hlavac Daniel Cleary Pavel Kubina Kurtis Foster
Goaltenders
Starting : Pascal Leclaire
Backup : Patrick Lalime
Extra Forwards
Normal : Éric Belanger, Tomas Plekanec, John Tavares - PP : Milan Michalek, Alexei Morozov - PK : Daniel Cleary
Extra Defensemen
Normal : Kurtis Foster, Filip Novak, Randy Jones - PP : Pavel Kubina - PK : Pavel Kubina, Randy Jones
Penalty Shots
Henrik Sedin, John Tavares, Daniel Sedin, Milan Michalek, Shane Doan
Bruins
5 vs 5 Forward
Center Left Wing Right Wing Time % Phy DF OF
1 Sydney Crosby Wojtek Wolski Victor Oreskovich 40 0 2 3
2 Eric Lindros Viktor Stalberg Vitali Yachmenev 30 0 2 3
3 Dave Bolland Scottie Upshall Dainius Zubrus 20 1 2 2
4 Matt Hendricks Kris Chucko Richard Zednik 10 1 2 2
5 vs 5 Defense
Defense Defense Time % Phy DF OF
1 Andrew Alberts Andrei Markov 40 1 2 2
2 Ryan O'Byrne Mark Stuart 30 1 3 1
3 Jason Demers Christoph Schubert 20 1 2 2
4 Andrew Alberts Jason Demers 10 1 2 2
PowerPlay Forward
Center Left Wing Right Wing Time % Phy DF OF
1 Eric Lindros Wojtek Wolski Sydney Crosby 60 0 1 4
2 Dave Bolland Scottie Upshall Victor Oreskovich 40 0 1 4
PowerPlay Defense
Defense Defense Time % Phy DF OF
1 Andrew Alberts Andrei Markov 60 0 2 3
2 Jason Demers Mark Stuart 40 0 2 3
Penalty Kill 4 Players Forward
Center Wing Time % Phy DF OF
1 Wojtek Wolski Vitali Yachmenev 60 1 3 1
2 Sydney Crosby Eric Lindros 40 1 3 1
Penalty Kill 4 Players Defense
Defense Defense Time % Phy DF OF
1 Andrew Alberts Andrei Markov 60 0 4 1
2 Ryan O'Byrne Mark Stuart 40 0 4 1
Penalty Kill - 3 Players Forward
Forward Time % Phy DF OF
1 Wojtek Wolski 60 0 4 1
2 Eric Lindros 40 0 4 1
Penalty Kill - 3 Players Defense
Defense Defense Time % Phy DF OF
1 Andrew Alberts Andrei Markov 60 0 4 1
2 Ryan O'Byrne Mark Stuart 40 0 4 1
4 vs 4 Forward
Center Wing Time % Phy DF OF
1 Wojtek Wolski Eric Lindros 60 0 2 3
2 Sydney Crosby Scottie Upshall 40 0 2 3
4 vs 4 Defense
Defense Defense Time % Phy DF OF
1 Andrew Alberts Andrei Markov 60 1 2 2
2 Ryan O'Byrne Mark Stuart 40 1 2 2
Last Minutes Offensive
Center Left Wing Right Wing Defense Defense
Eric Lindros Wojtek Wolski Sydney Crosby Andrew Alberts Andrei Markov
Last Minutes Defensive
Center Left Wing Right Wing Defense Defense
Eric Lindros Wojtek Wolski Vitali Yachmenev Andrew Alberts Mark Stuart
Goaltenders
Starting : Evgeni Nabokov
Backup : Karri Ramo
Extra Forwards
Normal : Eric Lindros, Sydney Crosby, Wojtek Wolski - PP : Viktor Stalberg, Scottie Upshall - PK : Dainius Zubrus
Extra Defensemen
Normal : Jason Demers, Christoph Schubert, Ryan O'Byrne - PP : Jason Demers - PK : Christoph Schubert, Ryan O'Byrne
Penalty Shots
Sydney Crosby, Wojtek Wolski, Eric Lindros, Viktor Stalberg, Scottie Upshall
% Time on Ice - Stars
Lines # - Real PCT - Wanted PCT - Time Play
Normal Forward
1 - 35% - 40% - 15:47
2 - 28% - 30% - 12:23
3 - 22% - 20% - 9:56
4 - 14% - 10% - 6:26
Normal Defense
1 - 43% - 40% - 19:07
2 - 32% - 30% - 14:02
3 - 21% - 20% - 9:13
4 - 5% - 10% - 2:10
PP Forward
1 - 62% - 60% - 2:33
2 - 38% - 40% - 1:33
PP Defense
1 - 60% - 60% - 2:27
2 - 40% - 40% - 1:39
PK Forward
1 - 70% - 60% - 7:17
2 - 30% - 40% - 3:11
PK Defense
1 - 53% - 60% - 5:31
2 - 47% - 40% - 4:57
PK3 Forward
1 - 0% - 60%
2 - 0% - 40%
PK3 Defense
1 - 0% - 60%
2 - 0% - 40%
44 Forward
1 - 0% - 60%
2 - 0% - 40%
44 Defense
1 - 0% - 60%
2 - 0% - 40%
Last Minute Offensive - 0:54
Last Minute Defensive - 0:00
Total
Forward - 60:00
Defense - 60:00
|
% Time on Ice - Bruins
Lines # - Real PCT - Wanted PCT - Time Play
Normal Forward
1 - 36% - 40% - 15:58
2 - 25% - 30% - 11:18
3 - 23% - 20% - 10:17
4 - 16% - 10% - 6:56
Normal Defense
1 - 41% - 40% - 18:05
2 - 33% - 30% - 14:31
3 - 20% - 20% - 8:50
4 - 7% - 10% - 3:03
PP Forward
1 - 62% - 60% - 6:27
2 - 38% - 40% - 4:01
PP Defense
1 - 60% - 60% - 6:15
2 - 40% - 40% - 4:13
PK Forward
1 - 83% - 60% - 3:23
2 - 17% - 40% - 0:43
PK Defense
1 - 64% - 60% - 2:37
2 - 36% - 40% - 1:29
PK3 Forward
1 - 0% - 60%
2 - 0% - 40%
PK3 Defense
1 - 0% - 60%
2 - 0% - 40%
44 Forward
1 - 0% - 60%
2 - 0% - 40%
44 Defense
1 - 0% - 60%
2 - 0% - 40%
Last Minute Offensive - 0:00
Last Minute Defensive - 0:57
Total
Forward - 60:00
Defense - 60:00
|
Play by Play
1st period
0:01 of 1st period - Daniel Sedin wins face-off versus Sydney Crosby in neutral zone.
0:26 of 1st period - Milan Michalek is hit by Andrei Markov and loses puck.
0:55 of 1st period - Wrist shot by John Tavares.
0:55 of 1st period - Shot Hit the Post.
2:15 of 1st period - Wrist shot by John Tavares.
2:15 of 1st period - Stopped by Evgeni Nabokov with a rebound.
2:29 of 1st period - Henrik Sedin is hit by Kris Chucko and loses puck.
3:00 of 1st period - Victor Oreskovich is hit by Daniel Cleary.
3:17 of 1st period - Bryan Berard is hit by Mark Stuart and loses puck.
3:30 of 1st period - Tomas Plekanec is hit by Dave Bolland and loses puck.
3:54 of 1st period - Wrist shot by Jan Hlavac.
3:54 of 1st period - Shot Misses the Net.
4:00 of 1st period - Daniel Cleary is hit by Sydney Crosby and loses puck.
4:11 of 1st period - Slapshot by Bryan Berard.
4:11 of 1st period - Shot Misses the Net.
4:52 of 1st period - Minor Penalty to Evgeny Artyukhin for High sticking.
4:53 of 1st period - Marty Reasoner wins face-off versus Eric Lindros in Stars zone.
5:04 of 1st period - Pavel Kubina is hit by Sydney Crosby.
5:30 of 1st period - Backhand shot by Scottie Upshall.
5:30 of 1st period - Shot Blocked by Daniel Cleary.
6:52 of 1st period - Penalty to Evgeny Artyukhin is over, Evgeny Artyukhin is back on ice.
6:55 of 1st period - Marty Reasoner is hit by Christoph Schubert and loses puck.
7:01 of 1st period - Off-side.
7:02 of 1st period - Henrik Sedin wins face-off versus Matt Hendricks in neutral zone.
7:11 of 1st period - Henrik Sedin is hit by Kris Chucko and loses puck.
7:16 of 1st period - Snap shot by Richard Zednik.
7:16 of 1st period - Stopped by Pascal Leclaire without a rebound.
7:17 of 1st period - Tomas Plekanec wins face-off versus Victor Oreskovich in Stars zone.
7:42 of 1st period - Milan Michalek is hit by Dave Bolland and loses puck.
7:51 of 1st period - Snap shot by Milan Michalek.
7:51 of 1st period - Shot Blocked by Dave Bolland.
8:21 of 1st period - Minor Penalty to Shane Doan for Hooking.
8:22 of 1st period - Marty Reasoner wins face-off versus Eric Lindros in Stars zone.
8:25 of 1st period - Slapshot by Sydney Crosby.
8:25 of 1st period - Stopped by Pascal Leclaire with a rebound.
8:27 of 1st period - Wrist shot by Wojtek Wolski.
8:27 of 1st period - Deflect By Sydney Crosby.
8:27 of 1st period - Shot Misses the Net.
8:27 of 1st period - Puck is out of play.
8:28 of 1st period - Marty Reasoner wins face-off versus Eric Lindros in Stars zone.
8:28 of 1st period - Marty Reasoner is hit by Sydney Crosby.
8:54 of 1st period - Wrist shot by Victor Oreskovich.
8:54 of 1st period - Shot Misses the Net.
8:56 of 1st period - Snap shot by Dave Bolland.
8:56 of 1st period - Shot Misses the Net.
8:58 of 1st period - Slapshot by Andrei Markov.
8:58 of 1st period - Shot Misses the Net.
9:00 of 1st period - Snap shot by Scottie Upshall.
9:00 of 1st period - Stopped by Pascal Leclaire with a rebound.
9:02 of 1st period - Snap shot by Scottie Upshall.
9:02 of 1st period - Shot Blocked by Kurtis Foster.
10:21 of 1st period - Penalty to Shane Doan is over, Shane Doan is back on ice.
10:28 of 1st period - Daniel Cleary is hit by Victor Oreskovich and loses puck.
10:39 of 1st period - Pavel Kubina is hit by Andrei Markov and loses puck.
10:46 of 1st period - Snap shot by Kris Chucko.
10:46 of 1st period - Stopped by Pascal Leclaire without a rebound.
10:47 of 1st period - Matt Hendricks wins face-off versus Henrik Sedin in Stars zone.
10:56 of 1st period - Slapshot by Kris Chucko.
10:56 of 1st period - Shot Misses the Net.
10:58 of 1st period - Snap shot by Matt Hendricks.
10:58 of 1st period - Shot Misses the Net.
11:00 of 1st period - Snap shot by Ryan O'Byrne.
11:00 of 1st period - Stopped by Pascal Leclaire with a rebound.
11:02 of 1st period - Slapshot by Ryan O'Byrne.
11:02 of 1st period - Stopped by Pascal Leclaire without a rebound.
11:03 of 1st period - Henrik Sedin wins face-off versus Eric Lindros in Stars zone.
11:10 of 1st period - Snap shot by Henrik Sedin.
11:10 of 1st period - Stopped by Evgeni Nabokov with a rebound.
13:09 of 1st period - Snap shot by Eric Lindros.
13:09 of 1st period - Stopped by Pascal Leclaire with a rebound.
13:19 of 1st period - Slapshot by Brendan Bell.
13:19 of 1st period - Shot Misses the Net.
13:21 of 1st period - Minor Penalty to Matt Hendricks for High sticking.
13:22 of 1st period - Henrik Sedin wins face-off versus Wojtek Wolski in Bruins zone.
13:29 of 1st period - Backhand shot by John Tavares.
13:29 of 1st period - Deflect By Henrik Sedin.
13:29 of 1st period - Goal by Henrik Sedin - Stars : 1 - Bruins : 0.
13:30 of 1st period - Henrik Sedin wins face-off versus Sydney Crosby in neutral zone.
14:39 of 1st period - Richard Zednik is hit by Marty Reasoner and loses puck.
14:44 of 1st period - Snap shot by Jan Hlavac.
14:44 of 1st period - Shot Misses the Net.
14:46 of 1st period - Wrist shot by Marty Reasoner.
14:46 of 1st period - Shot Blocked by Jason Demers.
15:02 of 1st period - Daniel Sedin is hit by Wojtek Wolski and loses puck.
15:14 of 1st period - Minor Penalty to Henrik Sedin for Hooking.
15:15 of 1st period - Marty Reasoner wins face-off versus Eric Lindros in Stars zone.
15:54 of 1st period - Snap shot by Éric Belanger.
15:54 of 1st period - Deflect By Daniel Cleary.
15:54 of 1st period - Shot Blocked by Andrei Markov.
15:54 of 1st period - Puck is out of play.
15:55 of 1st period - Eric Lindros wins face-off versus Marty Reasoner in Bruins zone.
16:21 of 1st period - Daniel Cleary is hit by Eric Lindros and loses puck.
16:26 of 1st period - Slapshot by Sydney Crosby.
16:26 of 1st period - Shot Blocked by Pavel Kubina.
16:28 of 1st period - Snap shot by Mark Stuart.
16:28 of 1st period - Stopped by Pascal Leclaire with a rebound.
16:49 of 1st period - Snap shot by Eric Lindros.
16:49 of 1st period - Stopped by Pascal Leclaire with a rebound.
16:51 of 1st period - Snap shot by Eric Lindros.
16:51 of 1st period - Stopped by Pascal Leclaire without a rebound.
16:52 of 1st period - Marty Reasoner wins face-off versus Dave Bolland in Stars zone.
17:14 of 1st period - Penalty to Henrik Sedin is over, Henrik Sedin is back on ice.
17:57 of 1st period - Slapshot by Pavel Kubina.
17:57 of 1st period - Goal by Pavel Kubina - Stars : 2 - Bruins : 0.
17:58 of 1st period - Sydney Crosby wins face-off versus Henrik Sedin in neutral zone.
18:00 of 1st period - Off-side.
18:01 of 1st period - Henrik Sedin wins face-off versus Sydney Crosby in neutral zone.
18:03 of 1st period - Off-side.
18:04 of 1st period - Victor Oreskovich wins face-off versus Henrik Sedin in neutral zone.
18:28 of 1st period - Minor Penalty to Vitali Yachmenev for Hooking.
18:29 of 1st period - Henrik Sedin wins face-off versus Wojtek Wolski in Bruins zone.
Goals for this period are 2 for Stars vs 0 for Bruins.
Shots for this period are 4 for Stars vs 10 for Bruins.
2nd period
0:01 of 2nd period - Wojtek Wolski wins face-off versus Henrik Sedin in neutral zone.
0:04 of 2nd period - Slapshot by Andrew Alberts.
0:04 of 2nd period - Stopped by Pascal Leclaire without a rebound.
0:05 of 2nd period - Henrik Sedin wins face-off versus Wojtek Wolski in Stars zone.
0:28 of 2nd period - Penalty to Vitali Yachmenev is over, Vitali Yachmenev is back on ice.
1:08 of 2nd period - Randy Jones is hit by Victor Oreskovich and loses puck.
1:19 of 2nd period - Mark Stuart is hit by John Tavares and loses puck.
1:28 of 2nd period - Snap shot by Dainius Zubrus.
1:28 of 2nd period - Shot Misses the Net.
1:40 of 2nd period - Wrist shot by Henrik Sedin.
1:40 of 2nd period - Shot Misses the Net.
1:42 of 2nd period - Wrist shot by Brendan Bell.
1:42 of 2nd period - Deflect By Henrik Sedin.
1:42 of 2nd period - Shot Misses the Net.
1:42 of 2nd period - Puck is out of play.
1:43 of 2nd period - Henrik Sedin wins face-off versus Eric Lindros in Bruins zone.
1:46 of 2nd period - Snap shot by Alexei Morozov.
1:46 of 2nd period - Deflect By Henrik Sedin.
1:46 of 2nd period - Shot Blocked by Christoph Schubert.
1:46 of 2nd period - Puck is out of play.
1:47 of 2nd period - Henrik Sedin wins face-off versus Eric Lindros in Bruins zone.
2:25 of 2nd period - Wrist shot by Sydney Crosby.
2:25 of 2nd period - Shot Misses the Net.
2:28 of 2nd period - Icing by Pavel Kubina.
2:29 of 2nd period - Dave Bolland wins face-off versus Éric Belanger in Stars zone.
3:11 of 2nd period - Slapshot by Scottie Upshall.
3:11 of 2nd period - Shot Misses the Net.
3:21 of 2nd period - Snap shot by Éric Belanger.
3:21 of 2nd period - Deflect By Dave Bolland.
3:21 of 2nd period - Stopped by Evgeni Nabokov with a rebound.
3:23 of 2nd period - Slapshot by Pavel Kubina.
3:23 of 2nd period - Shot Blocked by Scottie Upshall.
3:25 of 2nd period - Slapshot by Pavel Kubina.
3:25 of 2nd period - Stopped by Evgeni Nabokov without a rebound.
3:26 of 2nd period - Sydney Crosby wins face-off versus Henrik Sedin in Bruins zone.
3:51 of 2nd period - Ryan O'Byrne is hit by Shane Doan.
4:15 of 2nd period - Slapshot by Jan Hlavac.
4:15 of 2nd period - Stopped by Evgeni Nabokov without a rebound.
4:16 of 2nd period - Marty Reasoner wins face-off versus Sydney Crosby in Bruins zone.
4:41 of 2nd period - Daniel Sedin is hit by Andrew Alberts and loses puck.
6:52 of 2nd period - Shane Doan is hit by Sydney Crosby and loses puck.
7:09 of 2nd period - Snap shot by Kris Chucko.
7:09 of 2nd period - Shot Blocked by Kurtis Foster.
7:27 of 2nd period - Wrist shot by Dave Bolland.
7:27 of 2nd period - Stopped by Pascal Leclaire without a rebound.
7:28 of 2nd period - Henrik Sedin wins face-off versus Dave Bolland in Stars zone.
7:28 of 2nd period - Henrik Sedin is hit by Dainius Zubrus.
7:34 of 2nd period - Backhand shot by Henrik Sedin.
7:34 of 2nd period - Goal by Henrik Sedin - Stars : 3 - Bruins : 0.
7:35 of 2nd period - Sydney Crosby wins face-off versus Henrik Sedin in neutral zone.
7:42 of 2nd period - Snap shot by Wojtek Wolski.
7:42 of 2nd period - Shot Misses the Net.
8:02 of 2nd period - Vitali Yachmenev is hit by Randy Jones and loses puck.
8:33 of 2nd period - Slapshot by Daniel Cleary.
8:33 of 2nd period - Shot Blocked by Mark Stuart.
8:51 of 2nd period - Snap shot by Kris Chucko.
8:51 of 2nd period - Shot Misses the Net.
9:02 of 2nd period - Icing by Daniel Sedin.
9:03 of 2nd period - Henrik Sedin wins face-off versus Wojtek Wolski in Stars zone.
9:03 of 2nd period - Henrik Sedin is hit by Sydney Crosby.
9:11 of 2nd period - Wrist shot by Alexei Morozov.
9:11 of 2nd period - Stopped by Evgeni Nabokov without a rebound.
9:12 of 2nd period - Sydney Crosby wins face-off versus Alexei Morozov in Bruins zone.
9:42 of 2nd period - Slapshot by Scottie Upshall.
9:42 of 2nd period - Stopped by Pascal Leclaire with a rebound.
9:44 of 2nd period - Slapshot by Andrei Markov.
9:44 of 2nd period - Shot Misses the Net.
9:46 of 2nd period - Wrist shot by Scottie Upshall.
9:46 of 2nd period - Stopped by Pascal Leclaire without a rebound.
9:47 of 2nd period - Shane Doan wins face-off versus Sydney Crosby in Stars zone.
11:15 of 2nd period - Snap shot by John Tavares.
11:15 of 2nd period - Shot Misses the Net.
11:21 of 2nd period - Snap shot by John Tavares.
11:21 of 2nd period - Shot Blocked by Sydney Crosby.
11:42 of 2nd period - Icing by Shane Doan.
11:43 of 2nd period - Sydney Crosby wins face-off versus Shane Doan in Stars zone.
12:17 of 2nd period - Off-side.
12:18 of 2nd period - Henrik Sedin wins face-off versus Eric Lindros in neutral zone.
12:33 of 2nd period - Snap shot by Henrik Sedin.
12:33 of 2nd period - Stopped by Evgeni Nabokov without a rebound.
12:34 of 2nd period - Tomas Plekanec wins face-off versus Wojtek Wolski in Bruins zone.
13:02 of 2nd period - Off-side.
13:03 of 2nd period - Henrik Sedin wins face-off versus Eric Lindros in neutral zone.
13:05 of 2nd period - Off-side.
13:06 of 2nd period - Henrik Sedin wins face-off versus Sydney Crosby in neutral zone.
14:21 of 2nd period - Kurtis Foster is hit by Mark Stuart and loses puck.
14:28 of 2nd period - Slapshot by Kris Chucko.
14:28 of 2nd period - Stopped by Pascal Leclaire with a rebound.
14:30 of 2nd period - Slapshot by Mark Stuart.
14:30 of 2nd period - Deflect By Matt Hendricks.
14:30 of 2nd period - Stopped by Pascal Leclaire without a rebound.
14:31 of 2nd period - Henrik Sedin wins face-off versus Sydney Crosby in Stars zone.
14:58 of 2nd period - Viktor Stalberg is hit by Tomas Plekanec and loses puck.
15:44 of 2nd period - Wrist shot by Sydney Crosby.
15:44 of 2nd period - Shot Misses the Net.
15:46 of 2nd period - Wrist shot by Andrei Markov.
15:46 of 2nd period - Shot Misses the Net.
15:56 of 2nd period - Wrist shot by Shane Doan.
15:56 of 2nd period - Shot Misses the Net.
16:06 of 2nd period - Pavel Kubina is hit by Scottie Upshall and loses puck.
16:45 of 2nd period - Wrist shot by Wojtek Wolski.
16:45 of 2nd period - Deflect By John Tavares.
16:45 of 2nd period - Shot Misses the Net.
16:45 of 2nd period - Puck is out of play.
16:46 of 2nd period - Henrik Sedin wins face-off versus Sydney Crosby in Stars zone.
17:13 of 2nd period - Eric Lindros is hit by Evgeny Artyukhin and loses puck.
17:30 of 2nd period - Wrist shot by Scottie Upshall.
17:30 of 2nd period - Deflect By Dainius Zubrus.
17:30 of 2nd period - Shot Misses the Net.
17:30 of 2nd period - Puck is out of play.
17:31 of 2nd period - Dave Bolland wins face-off versus Henrik Sedin in Stars zone.
17:37 of 2nd period - Snap shot by Christoph Schubert.
17:37 of 2nd period - Stopped by Pascal Leclaire without a rebound.
17:38 of 2nd period - Henrik Sedin wins face-off versus Sydney Crosby in Stars zone.
17:38 of 2nd period - Henrik Sedin is hit by Victor Oreskovich.
17:41 of 2nd period - Minor Penalty to Alexei Morozov for Hooking.
17:42 of 2nd period - Marty Reasoner wins face-off versus Eric Lindros in Stars zone.
18:59 of 2nd period - Wojtek Wolski is hit by Daniel Sedin and loses puck.
19:41 of 2nd period - Penalty to Alexei Morozov is over, Alexei Morozov is back on ice.
19:46 of 2nd period - Randy Jones is hit by Dainius Zubrus.
Goals for this period are 1 for Stars vs 0 for Bruins.
Shots for this period are 6 for Stars vs 7 for Bruins.
3rd period
0:01 of 3rd period - Henrik Sedin wins face-off versus Sydney Crosby in neutral zone.
0:04 of 3rd period - Slapshot by Pavel Kubina.
0:04 of 3rd period - Stopped by Evgeni Nabokov without a rebound.
0:05 of 3rd period - Henrik Sedin wins face-off versus Victor Oreskovich in Bruins zone.
0:06 of 3rd period - Snap shot by Alexei Morozov.
0:06 of 3rd period - Stopped by Evgeni Nabokov with a rebound.
0:34 of 3rd period - Snap shot by Eric Lindros.
0:34 of 3rd period - Goal by Eric Lindros - Stars : 3 - Bruins : 1.
0:35 of 3rd period - Henrik Sedin wins face-off versus Sydney Crosby in neutral zone.
1:09 of 3rd period - Pavel Kubina is hit by Eric Lindros and loses puck.
1:20 of 3rd period - Minor Penalty to Andrei Markov for Holding.
1:21 of 3rd period - Henrik Sedin wins face-off versus Wojtek Wolski in Bruins zone.
1:28 of 3rd period - Snap shot by John Tavares.
1:28 of 3rd period - Stopped by Evgeni Nabokov with a rebound.
1:30 of 3rd period - Wrist shot by John Tavares.
1:30 of 3rd period - Shot Blocked by Mark Stuart.
1:32 of 3rd period - Wrist shot by Daniel Sedin.
1:32 of 3rd period - Stopped by Evgeni Nabokov with a rebound.
1:34 of 3rd period - Wrist shot by John Tavares.
1:34 of 3rd period - Stars goal is going for a video replay.
1:34 of 3rd period - The goal is refused. The goalkeeper has been pushed into the net together with the puck after making a save..
1:35 of 3rd period - Wojtek Wolski wins face-off versus Henrik Sedin in Bruins zone.
2:19 of 3rd period - Wrist shot by Sydney Crosby.
2:19 of 3rd period - Stopped by Pascal Leclaire with a rebound.
2:32 of 3rd period - Off-side.
2:33 of 3rd period - Tomas Plekanec wins face-off versus Wojtek Wolski in neutral zone.
3:08 of 3rd period - Andrew Alberts is hit by John Tavares.
3:20 of 3rd period - Penalty to Andrei Markov is over, Andrei Markov is back on ice.
3:31 of 3rd period - Off-side.
3:32 of 3rd period - Dave Bolland wins face-off versus Marty Reasoner in neutral zone.
3:45 of 3rd period - Wrist shot by Marty Reasoner.
3:45 of 3rd period - Stopped by Evgeni Nabokov without a rebound.
3:46 of 3rd period - Victor Oreskovich wins face-off versus Henrik Sedin in Bruins zone.
3:55 of 3rd period - Snap shot by Wojtek Wolski.
3:55 of 3rd period - Shot Misses the Net.
4:20 of 3rd period - Snap shot by Milan Michalek.
4:20 of 3rd period - Shot Blocked by Vitali Yachmenev.
5:47 of 3rd period - Wrist shot by Tomas Plekanec.
5:47 of 3rd period - Shot Misses the Net.
6:22 of 3rd period - Victor Oreskovich is hit by Henrik Sedin and loses puck.
6:27 of 3rd period - Slapshot by Henrik Sedin.
6:27 of 3rd period - Stopped by Evgeni Nabokov without a rebound.
6:28 of 3rd period - Henrik Sedin wins face-off versus Sydney Crosby in Bruins zone.
6:39 of 3rd period - Wrist shot by Wojtek Wolski.
6:39 of 3rd period - Goal by Wojtek Wolski - Stars : 3 - Bruins : 2.
6:40 of 3rd period - Henrik Sedin wins face-off versus Sydney Crosby in neutral zone.
6:45 of 3rd period - Slapshot by Kurtis Foster.
6:45 of 3rd period - Stopped by Evgeni Nabokov with a rebound.
7:02 of 3rd period - Icing by Kurtis Foster.
7:03 of 3rd period - Tomas Plekanec wins face-off versus Vitali Yachmenev in Stars zone.
7:48 of 3rd period - Snap shot by Éric Belanger.
7:48 of 3rd period - Stopped by Evgeni Nabokov without a rebound.
7:49 of 3rd period - Dainius Zubrus wins face-off versus Éric Belanger in Bruins zone.
7:53 of 3rd period - Off-side.
7:54 of 3rd period - Sydney Crosby wins face-off versus Henrik Sedin in neutral zone.
8:07 of 3rd period - Snap shot by Wojtek Wolski.
8:07 of 3rd period - Goal by Wojtek Wolski - Stars : 3 - Bruins : 3.
8:08 of 3rd period - Sydney Crosby wins face-off versus Henrik Sedin in neutral zone.
8:33 of 3rd period - Pavel Kubina is hit by Scottie Upshall and loses puck.
8:38 of 3rd period - Snap shot by Dainius Zubrus.
8:38 of 3rd period - Shot Misses the Net.
8:40 of 3rd period - Snap shot by Jason Demers.
8:40 of 3rd period - Deflect By Dainius Zubrus.
8:40 of 3rd period - Shot Misses the Net.
8:40 of 3rd period - Puck is out of play.
8:41 of 3rd period - Tomas Plekanec wins face-off versus Sydney Crosby in Stars zone.
8:54 of 3rd period - Snap shot by Milan Michalek.
8:54 of 3rd period - Shot Hit the Post.
8:56 of 3rd period - Backhand shot by Tomas Plekanec.
8:56 of 3rd period - Stopped by Evgeni Nabokov with a rebound.
9:06 of 3rd period - Sydney Crosby is hit by Daniel Cleary and loses puck.
9:48 of 3rd period - Snap shot by Sydney Crosby.
9:48 of 3rd period - Shot Misses the Net.
10:06 of 3rd period - Slapshot by John Tavares.
10:06 of 3rd period - Stopped by Evgeni Nabokov without a rebound.
10:07 of 3rd period - Henrik Sedin wins face-off versus Eric Lindros in Bruins zone.
10:18 of 3rd period - Ryan O'Byrne is hit by Alexei Morozov and loses puck.
10:35 of 3rd period - Icing by Randy Jones.
10:36 of 3rd period - Dave Bolland wins face-off versus Tomas Plekanec in Stars zone.
10:45 of 3rd period - Snap shot by Tomas Plekanec.
10:45 of 3rd period - Stopped by Evgeni Nabokov with a rebound.
10:47 of 3rd period - Snap shot by Bryan Berard.
10:47 of 3rd period - Shot Blocked by Andrew Alberts.
10:55 of 3rd period - Wrist shot by Tomas Plekanec.
10:55 of 3rd period - Deflect By Shane Doan.
10:55 of 3rd period - Stopped by Evgeni Nabokov without a rebound.
10:56 of 3rd period - Henrik Sedin wins face-off versus Eric Lindros in Bruins zone.
11:05 of 3rd period - Wrist shot by Alexei Morozov.
11:05 of 3rd period - Shot Misses the Net.
11:07 of 3rd period - Snap shot by Henrik Sedin.
11:07 of 3rd period - Shot Misses the Net.
13:15 of 3rd period - Minor Penalty to Evgeny Artyukhin for Cross-checking.
13:16 of 3rd period - Jan Hlavac wins face-off versus Eric Lindros in Stars zone.
13:24 of 3rd period - Marty Reasoner is hit by Eric Lindros and loses puck.
13:29 of 3rd period - Snap shot by Sydney Crosby.
13:29 of 3rd period - Stopped by Pascal Leclaire without a rebound.
13:30 of 3rd period - Marty Reasoner wins face-off versus Eric Lindros in Stars zone.
13:30 of 3rd period - Marty Reasoner is hit by Sydney Crosby.
13:42 of 3rd period - Eric Lindros is hit by Jan Hlavac.
14:06 of 3rd period - Daniel Cleary is hit by Jason Demers and loses puck.
15:08 of 3rd period - Daniel Cleary is hit by Eric Lindros and loses puck.
15:15 of 3rd period - Penalty to Evgeny Artyukhin is over, Evgeny Artyukhin is back on ice.
15:19 of 3rd period - Wojtek Wolski is hit by Jan Hlavac and loses puck.
15:34 of 3rd period - Slapshot by Richard Zednik.
15:34 of 3rd period - Shot Misses the Net.
15:36 of 3rd period - Wrist shot by Richard Zednik.
15:36 of 3rd period - Deflect By Kris Chucko.
15:36 of 3rd period - Shot Misses the Net.
15:36 of 3rd period - Puck is out of play.
15:37 of 3rd period - Henrik Sedin wins face-off versus Matt Hendricks in Stars zone.
15:44 of 3rd period - Slapshot by Pavel Kubina.
15:44 of 3rd period - Shot Blocked by Kris Chucko.
15:46 of 3rd period - Wrist shot by Henrik Sedin.
15:46 of 3rd period - Shot Misses the Net.
15:48 of 3rd period - Snap shot by Alexei Morozov.
15:48 of 3rd period - Stopped by Evgeni Nabokov with a rebound.
15:50 of 3rd period - Snap shot by Alexei Morozov.
15:50 of 3rd period - Stopped by Evgeni Nabokov with a rebound.
15:55 of 3rd period - Icing by Ryan O'Byrne.
15:56 of 3rd period - Matt Hendricks wins face-off versus Éric Belanger in Bruins zone.
16:12 of 3rd period - Snap shot by Matt Hendricks.
16:12 of 3rd period - Stopped by Pascal Leclaire without a rebound.
16:13 of 3rd period - Alexei Morozov wins face-off versus Dave Bolland in Stars zone.
16:20 of 3rd period - Pavel Kubina is hit by Dainius Zubrus and loses puck.
16:52 of 3rd period - Kurtis Foster is hit by Dave Bolland and loses puck.
17:07 of 3rd period - Snap shot by Dave Bolland.
17:07 of 3rd period - Shot Misses the Net.
17:09 of 3rd period - Slapshot by Dainius Zubrus.
17:09 of 3rd period - Stopped by Pascal Leclaire with a rebound.
17:11 of 3rd period - Snap shot by Ryan O'Byrne.
17:11 of 3rd period - Stopped by Pascal Leclaire without a rebound.
17:12 of 3rd period - Éric Belanger wins face-off versus Sydney Crosby in Stars zone.
17:24 of 3rd period - Minor Penalty to Éric Belanger for Roughing.
17:25 of 3rd period - Eric Lindros wins face-off versus Marty Reasoner in Stars zone.
17:57 of 3rd period - Backhand shot by Wojtek Wolski.
17:57 of 3rd period - Goal by Wojtek Wolski - Stars : 3 - Bruins : 4.
17:58 of 3rd period - Éric Belanger wins face-off versus Dave Bolland in neutral zone.
19:09 of 3rd period - Stars, Pascal Leclaire is pulled from the net.
19:09 of 3rd period - Snap shot by Marty Reasoner.
19:09 of 3rd period - Stopped by Evgeni Nabokov with a rebound.
19:11 of 3rd period - Snap shot by Henrik Sedin.
19:11 of 3rd period - Stopped by Evgeni Nabokov with a rebound.
19:13 of 3rd period - Slapshot by Daniel Sedin.
19:13 of 3rd period - Shot Blocked by Mark Stuart.
19:15 of 3rd period - Slapshot by Randy Jones.
19:15 of 3rd period - Shot Misses the Net.
19:55 of 3rd period - Slapshot by Daniel Sedin.
19:55 of 3rd period - Deflect By Henrik Sedin.
19:55 of 3rd period - Shot Misses the Net.
19:55 of 3rd period - Puck is out of play.
19:56 of 3rd period - Barry Trotz call a timeout for Stars.
19:56 of 3rd period - Henrik Sedin wins face-off versus Wojtek Wolski in Bruins zone.
Goals for this period are 0 for Stars vs 4 for Bruins.
Shots for this period are 17 for Stars vs 9 for Bruins.
Output by the SimonT Hockey Simulator (STHS) for François Prévost -- Original Page W3C XHTML 1.0 Valid